 Dungeon Crawl Stone Soup version 0.15-b1-55-g17c0860 (webtiles) character file.

198 Eradicator the Covert (level 5, -1/37 HPs)
             Began as a Vampire Enchanter on Aug 11, 2014.
             Was an Initiate of Makhleb.
             Shot with an arrow by a centaur (13 damage)
             ... on Level 5 of the Dungeon.
             The game lasted 00:23:00 (5303 turns).

Eradicator the Covert (Vampire Enchanter)           Turns: 5303, Time: 00:23:00

HP  -1/37        AC  3     Str  7      XL: 5   Next: 47%
MP   2/9         EV 12     Int 17      God: Makhleb [......]
Gold 173         SH  0     Dex 15      Spells:  2 memorised,  5 levels left

rFire  . . .     SeeInvis +     r - +2 dagger (venom)
rCold  + . .     Clarity  .     b - +1 robe
rNeg   + + .     rCorr    .     (no shield)
rPois  +         rRot     +     (no helmet)
rElec  .         Spirit   .     (no cloak)
SustAb .         Warding  .     (no gloves)
rMut   .         Stasis   .     (no boots)
Gourm  .                        (no amulet)
MR     .....                    (no ring)
                                e - ring of flight

@: regenerating slowly, not resistant to hostile enchantments, quite stealthy
A: fangs 3, see invisible, unbreathing
a: Bat Form, Renounce Religion, Evoke Flight


You were on level 5 of the Dungeon.
You worshipped Makhleb.
Makhleb was noncommittal.
You were very thirsty.

You visited 1 branch of the dungeon, and saw 5 of its levels.

You collected 173 gold pieces.

Inventory:

Hand weapons
 a - a +1 dagger
 r - a +2 dagger of venom (weapon)
Armour
 b - a +1 robe (worn)
Magical devices
 k - a wand of random effects (13)
Scrolls
 g - a scroll of random uselessness {unknown}
 h - 2 scrolls of remove curse {unknown}
 j - a scroll of fog {unknown}
 n - a scroll of identify {unknown}
 o - 2 scrolls of fear
 p - a scroll of magic mapping {unknown}
 q - a scroll of enchant weapon {unknown}
 s - 2 scrolls of amnesia {unknown}
Jewellery
 e - a ring of flight (left hand)
 t - a +2 ring of dexterity {unknown}
Potions
 d - a potion of might {unknown}
 f - a potion of confusion {unknown}
 i - a potion of flight {unknown}
 l - a potion of curing {unknown}
 m - a potion of mutation {unknown}
Books
 c - a book of Maledictions

   Spells                             Type                      Level
   *Corona                            Hexes                        1
   Sure Blade                         Hexes/Charms                 2
   *Ensorcelled Hibernation           Hexes/Ice                    2
   Confuse                            Hexes                        3
   Dazzling Spray                     Conjuration/Hexes            3
   Enslavement                        Hexes                        4


   Skills:
 - Level 1.0 Fighting
 - Level 1.1 Short Blades
 - Level 2.1 Dodging
 + Level 9.1 Stealth
 - Level 2.0 Spellcasting
 - Level 4.4 Hexes
 - Level 1.0 Ice Magic


You had 5 spell levels left.
You knew the following spells:

 Your Spells              Type           Power        Failure   Level  Hunger
a - Corona                Hex            ###....      3%          1    #......
b - Ensorcelled Hibernat  Hex/Ice        ##....       12%         2    ###....


Dungeon Overview and Level Annotations

Branches:
Dungeon (5/15)
 Temple: D:4-7

Altars:
Dithmenos
Makhleb
Okawaru
Yredelemnul
Zin

Annotations:
D:5 Blork the orc


Innate Abilities, Weirdness & Mutations

You heal slowly.
You have razor-sharp teeth.
You have supernaturally acute eyesight.
You can survive without breathing.


Message History

The centaur resists.
The centaur shoots an arrow.
The arrow hits you!
Casting: Ensorcelled Hibernation
Confirm with . or Enter, or press ? or * to list all spells.
Aiming: Ensorcelled Hibernation
Press: ? - help, Shift-Dir - straight line, f/p - centaur
Aim: a centaur, wielding a shortbow The centaur resists.
Casting: Ensorcelled Hibernation
Confirm with . or Enter, or press ? or * to list all spells.
Aiming: Ensorcelled Hibernation
Press: ? - help, Shift-Dir - straight line, f/p - centaur
Aim: a centaur, wielding a shortbow The centaur resists.
The centaur shoots an arrow.
The arrow closely misses you.
The centaur shoots an arrow.
The arrow hits you!
You see here an arrow.
The centaur shoots an arrow.
The arrow barely misses you.
Use which ability? (? or * to list)
You don't have enough magic at the moment.
The centaur shoots an arrow.
The arrow hits you!
You die...

#...........#
#.........)#
#........#
#..c....#
##(###### #.# #.#
#.# ##@# #.## #.#
### #.###
#####..##
#...####........#
##...............
###.............
###.............
####..........


You could see a centaur.

Vanquished Creatures
  A worker ant (D:4)
  Ijyb (D:2)
  5 adders
  4 worms
  A shadow imp (D:5)
  4 giant geckos
  An ooze (D:2)
  3 orcs
  4 giant cockroaches
  8 hobgoblins
  2 quokkas
  9 bats
  5 giant newts
  7 goblins
  A hobgoblin skeleton (D:5)
  3 jackals (D:1)
  10 kobolds
  A quokka skeleton (D:5)
  13 rats
83 creatures vanquished.

Notes
Turn   | Place    | Note
--------------------------------------------------------------
     0 | D:1      | Eradicator, the Vampire Enchanter, began the quest for the Orb.
     0 | D:1      | Reached XP level 1. HP: 13/13 MP: 3/3
   445 | D:1      | Reached skill level 5 in Stealth
   522 | D:1      | Reached XP level 2. HP: 16/19 MP: 4/4
   754 | D:1      | Learned a level 2 spell: Ensorcelled Hibernation
   943 | D:1      | Reached skill level 6 in Stealth
  1326 | D:1      | Reached XP level 3. HP: 25/25 MP: 6/6
  1987 | D:2      | Reached skill level 1 in Fighting
  2103 | D:2      | Noticed Ijyb
  2105 | D:2      | Killed Ijyb
  2105 | D:2      | Reached skill level 7 in Stealth
  2105 | D:2      | Reached XP level 4. HP: 32/32 MP: 7/7
  2245 | D:2      | Found a basalt altar of Yredelemnul.
  2505 | D:3      | Found a shadowy altar of Dithmenos.
  2518 | D:3      | Reached skill level 1 in Ice Magic
  2712 | D:3      | Reached skill level 8 in Stealth
  2749 | D:3      | Reached XP level 5. HP: 37/37 MP: 9/9
  3001 | D:4      | Found an iron altar of Okawaru.
  3379 | D:4      | Found a burning altar of Makhleb.
  3379 | D:4      | Found a glowing silver altar of Zin.
  3380 | D:4      | Noticed an angel
  3380 | D:4      | Noticed a blizzard demon
  3383 | D:4      | Became a worshipper of Makhleb the Destroyer
  3507 | D:5      | Entered Level 5 of the Dungeon
  4689 | D:5      | Reached skill level 9 in Stealth
  5108 | D:5      | Noticed Blork the orc
  5294 | D:5      | Noticed a centaur
  5303 | D:5      | Shot with an arrow by a centaur

Action                   |  1- 3 |  4- 6 || total
-------------------------+-------+-------++-------
Melee: Dagger            |   115 |   107 ||   222
 Cast: Ensorcelled Hiber |    13 |    34 ||    47
       Corona            |       |     3 ||     3
 Abil: End Transformatio |       |     2 ||     2
       Bat Form          |       |     2 ||     2
Evoke: Wand              |       |     1 ||     1
  Use: Scroll            |     1 |       ||     1
 Stab: Sleeping          |    17 |    26 ||    43
  Eat: Corpse            |     1 |     3 ||     4
